AAA
RENO ACES @ WINNIPEG GOLDEYES
05/25/2052
 
TOP OF THE 1ST
Reno Aces batting - Pitching for Nashville Sounds : RHP Robbie Cadena
Pitching: RHP Robbie Cadena
Batting: RHB Ben Gardner 0-0: Called Strike
0-1: Ball
1-1: Foul Ball, location: 9LMF
1-2: Ground out 6-3 (Groundball, 6S, EV 85.6 MPH)
Batting: LHB Matt Acosta 0-0: Ball
1-0: Called Strike
1-1: Swinging Strike
1-2: Ground out 6-3 (Groundball, 6, EV 87.5 MPH)
Batting: RHB Sydney Lynn 0-0: Ball
1-0: Fly out, F7 (Flyball, 78S, EV 85.0 MPH)
Top of the 1st over - 0 runs, 0 hits, 0 errors, 0 left on base; Reno 0 - Nashville 0
BOTTOM OF THE 1ST
Nashville Sounds batting - Pitching for Reno Aces : RHP Oliver Benardo
Pitching: RHP Oliver Benardo
Batting: RHB Tyrone Molley 0-0: Swinging Strike
0-1: Called Strike
0-2: Ball
1-2: DOUBLE (Line Drive, 7LS, EV 95.0 MPH)
Batting: RHB Todd Stasiak 0-0: Ball
1-0: Called Strike
1-1: SINGLE (Line Drive, 78M, EV 98.8 MPH)
Tyrone Molley to third
Batting: RHB Tom Huppert 0-0: Ball
1-0: Swinging Strike
1-1: Ball
2-1: Called Strike
Todd Stasiak steals 2nd base
2-2: Strikes out swinging
Batting: RHB Oliver Combs 0-0: Foul Ball, location: 2F
0-1: Ball
1-1: Ball
2-1: Foul Ball, location: 2F
2-2: Foul Ball, location: 2F
2-2: Hit by Pitch
Batting: RHB Jacob Hitchens 0-0: Ball
1-0: Ball
2-0: SINGLE (Flyball, 5D, EV 88.8 MPH)
Tyrone Molley scores
Todd Stasiak to third
Oliver Combs to second
Batting: LHB Sawyer Garfinkel 0-0: Ball
1-0: Called Strike
1-1: Ball
2-1: Ball
3-1: Swinging Strike
3-2: Base on Balls
Todd Stasiak scores
Oliver Combs to third
Jacob Hitchens to second
Batting: RHB Norris Gibbons 0-0: Ball
1-0: Swinging Strike
1-1: Swinging Strike
1-2: Foul Ball, location: 23F
1-2: Ball
2-2: Strikes out swinging
Batting: RHB Bryce Congleton 0-0: Foul Ball, location: 2F
0-1: Ground out 4-3 (Groundball, 4, EV 95.6 MPH)
Bottom of the 1st over - 2 runs, 3 hits, 0 errors, 3 left on base; Reno 0 - Nashville 2
TOP OF THE 2ND
Reno Aces batting - Pitching for Nashville Sounds : RHP Robbie Cadena
Batting: RHB Max Bastidas 0-0: Foul Ball, location: 5F
0-1: Foul Ball, location: 25F
0-2: Hit by Pitch
Batting: RHB Bill Wiener 0-0: Called Strike
0-1: Fly out, F8 (Flyball, 8RD, EV 85.6 MPH)
Batting: RHB Neno Troxell 0-0: Ball
1-0: Ball
2-0: Ball
3-0: Called Strike
3-1: Fly out, F8 (Flyball, 78M, EV 81.9 MPH)
Batting: RHB Jodie Numbers 0-0: Ball
1-0: Ball
2-0: Ball
3-0: Called Strike
3-1: Base on Balls
Max Bastidas to second
Batting: LHB Dusty Sandoval 0-0: Ground out U3 (Groundball, 3L, EV 103.8 MPH)
Top of the 2nd over - 0 runs, 0 hits, 0 errors, 2 left on base; Reno 0 - Nashville 2
BOTTOM OF THE 2ND
Nashville Sounds batting - Pitching for Reno Aces : RHP Oliver Benardo
Batting: RHB Julián García 0-0: Ground out 4-3 (Groundball, 4, EV 105.0 MPH)
Batting: RHB Tyrone Molley 0-0: Ball
1-0: Ball
2-0: Ground out 5-3 (Groundball, 5S, EV 74.4 MPH)
Batting: RHB Todd Stasiak 0-0: Called Strike
0-1: Ball
1-1: Swinging Strike
1-2: Hit by Pitch
Batting: RHB Tom Huppert 0-0: Ball
1-0: Ball
2-0: Ball
3-0: Base on Balls
Todd Stasiak to second
Batting: RHB Oliver Combs 0-0: Called Strike
0-1: Ball
1-1: Swinging Strike
1-2: Ball
2-2: Foul Ball, location: 2F
2-2: Ball
3-2: Foul Ball, location: 9LMF
3-2: SINGLE (Line Drive, 4D, EV 95.6 MPH)
Todd Stasiak to third
Tom Huppert to second
Todd Stasiak scores
Tom Huppert to third
Batting: RHB Jacob Hitchens 0-0: Called Strike
0-1: Called Strike
0-2: Ball
1-2: Ball
2-2: Foul Ball, location: 2F
2-2: Reached on error, E6 (Groundball, 6, EV 108.8 MPH)
Tom Huppert scores
Oliver Combs to second
Batting: LHB Sawyer Garfinkel 0-0: Ball
1-0: Ball
2-0: Ball
3-0: Base on Balls
Oliver Combs to third
Jacob Hitchens to second
Batting: RHB Norris Gibbons 0-0: Ball
1-0: Called Strike
1-1: Fly out, F4 (Popup, 23, EV 86.3 MPH)
Bottom of the 2nd over - 2 runs, 1 hit, 1 error, 3 left on base; Reno 0 - Nashville 4
TOP OF THE 3RD
Reno Aces batting - Pitching for Nashville Sounds : RHP Robbie Cadena
Batting: RHB Woody Glass 0-0: Ball
1-0: Ball
2-0: Called Strike
2-1: Swinging Strike
2-2: Ball
3-2: DOUBLE (Flyball, 9LD, EV 105.0 MPH)
Batting: RHB Ben Gardner 0-0: Called Strike
0-1: Ball
1-1: Ball
2-1: Swinging Strike
2-2: Fly out, F3 (Popup, 3F, EV 78.8 MPH)
Batting: LHB Matt Acosta 0-0: Foul Ball, location: 7LSF
0-1: Ball
1-1: Foul Ball, location: 2F
1-2: Ball
2-2: Ball
3-2: Hit by Pitch
Batting: RHB Sydney Lynn 0-0: Ball
1-0: Ball
2-0: Ball
3-0: Called Strike
3-1: Swinging Strike
3-2: DOUBLE (Groundball, 3L, EV 108.1 MPH)
Woody Glass scores
Matt Acosta to third
Runner from 3rd tries for Home, SAFE, no throw by RF
Batting: RHB Max Bastidas 0-0: Called Strike
0-1: Foul Ball, location: 2F
0-2: Foul Ball, location: 2F
0-2: Foul Ball, location: 7LMF
0-2: Fly out, F8 (Flyball, 8LD, EV 90.6 MPH)
Batting: RHB Bill Wiener 0-0: Foul Ball, location: 2F
0-1: Ground out 6-3 (Groundball, 6MS, EV 85.6 MPH)
Top of the 3rd over - 2 runs, 2 hits, 0 errors, 1 left on base; Reno 2 - Nashville 4
BOTTOM OF THE 3RD
Nashville Sounds batting - Pitching for Reno Aces : RHP Oliver Benardo
Batting: RHB Bryce Congleton 0-0: Foul Ball, location: 25F
0-1: Foul Ball, location: 9LDF
0-2: Ball
1-2: Foul Ball, location: 7LDF
1-2: Fly out, F3 (Popup, 23F, EV 88.1 MPH)
Batting: RHB Julián García 0-0: Ball
1-0: Called Strike
1-1: Foul Ball, location: 3FF
1-2: Ball
2-2: Ball
3-2: TRIPLE (Flyball, 89XD, EV 95.0 MPH)
Batting: RHB Tyrone Molley 0-0: Fly out, F8 (Flyball, 8RD, EV 88.1 MPH)
Runner from 3rd tags up, SCORES, no throw by CF
Batting: RHB Todd Stasiak 0-0: Reached on error, E4 (Groundball, 4, EV 103.1 MPH)
Batting: RHB Tom Huppert 0-0: Ball
1-0: 2-RUN HOME RUN (Flyball, 9D, EV 98.1 MPH), Distance : 359 ft
Pitching: RHP Josiah Greer
Batting: RHB Oliver Combs 0-0: Called Strike
0-1: SINGLE (Groundball, 56D, EV 95.0 MPH)
Batting: RHB Jacob Hitchens 0-0: Ball
1-0: Ball
2-0: SINGLE (Groundball, 6D, EV 95.6 MPH)
Oliver Combs to second
Runner from 2nd tries for 3rd, SAFE, no throw by CF
Batting: LHB Sawyer Garfinkel 0-0: Ball
1-0: Swinging Strike
1-1: Foul Ball, location: 2F
1-2: Foul Ball, location: 7LMF
1-2: Strikes out looking
Bottom of the 3rd over - 3 runs, 4 hits, 1 error, 2 left on base; Reno 2 - Nashville 7
TOP OF THE 4TH
Reno Aces batting - Pitching for Nashville Sounds : RHP Robbie Cadena
Batting: RHB Neno Troxell 0-0: Ground out 6-3 (Groundball, 6, EV 100.6 MPH)
Batting: RHB Jodie Numbers 0-0: Foul Ball, location: 2F
0-1: Ground out 6-3 (Groundball, 6, EV 95.6 MPH)
Batting: LHB Dusty Sandoval 0-0: Called Strike
0-1: Swinging Strike
0-2: Ball
1-2: Ball
2-2: Fly out, F9 (Flyball, 9LSF, EV 85.0 MPH)
Top of the 4th over - 0 runs, 0 hits, 0 errors, 0 left on base; Reno 2 - Nashville 7
BOTTOM OF THE 4TH
Nashville Sounds batting - Pitching for Reno Aces : RHP Josiah Greer
Batting: RHB Norris Gibbons 0-0: SINGLE (Line Drive, 34D, EV 99.4 MPH)
Batting: RHB Bryce Congleton 0-0: Swinging Strike
0-1: Ball
1-1: Ball
2-1: Ball
3-1: Foul Ball, location: 2F
3-2: Foul Ball, location: 25F
3-2: Base on Balls
Norris Gibbons to second
Batting: RHB Julián García 0-0: Foul Ball, location: 2F
0-1: Fielders Choice at 2nd, 6-4 (Groundball, 6, EV 85.0 MPH)
Norris Gibbons to third
Batting: RHB Tyrone Molley 0-0: Ball
1-0: Ball
Julián García steals 2nd base
2-0: Fly out, F7 (Flyball, 78M, EV 96.9 MPH)
Runner from 3rd tags up, SCORES, throw by LF
Batting: RHB Todd Stasiak 0-0: Foul Ball, location: 5SF
0-1: Ball
1-1: Ball
2-1: Ball
3-1: Base on Balls
Batting: RHB Tom Huppert 0-0: Called Strike
0-1: Foul Ball, location: 2F
0-2: Fly out, F6 (Line Drive, 6, EV 73.8 MPH)
Bottom of the 4th over - 1 run, 1 hit, 0 errors, 2 left on base; Reno 2 - Nashville 8
TOP OF THE 5TH
Reno Aces batting - Pitching for Nashville Sounds : RHP Robbie Cadena
Batting: RHB Woody Glass 0-0: Ball
1-0: Called Strike
1-1: Ball
2-1: Ball
3-1: SINGLE (Line Drive, 6MD, EV 101.9 MPH)
Batting: RHB Ben Gardner 0-0: Foul Ball, location: 3FF
0-1: Ball
1-1: Foul Ball, location: 2F
1-2: Strikes out swinging
Batting: LHB Matt Acosta 0-0: Foul Ball, location: 2F
0-1: Foul Ball, location: 7LSF
0-2: Fly out, F9 (Line Drive, 89M, EV 96.3 MPH)
Batting: RHB Sydney Lynn 0-0: Foul Ball, location: 5DF
0-1: Ball
1-1: Fly out, F9 (Flyball, 89M, EV 86.9 MPH)
Top of the 5th over - 0 runs, 1 hit, 0 errors, 1 left on base; Reno 2 - Nashville 8
BOTTOM OF THE 5TH
Nashville Sounds batting - Pitching for Reno Aces : RHP Josiah Greer
Batting: RHB Oliver Combs 0-0: Called Strike
0-1: Ball
1-1: Ball
2-1: Called Strike
2-2: Strikes out swinging
Batting: RHB Jacob Hitchens 0-0: Foul Ball, location: 5FF
0-1: Ball
1-1: Ground out 5-3 (Groundball, 56S, EV 92.5 MPH)
Batting: LHB Sawyer Garfinkel 0-0: Called Strike
0-1: Ball
1-1: Ball
2-1: Ball
3-1: Base on Balls
Batting: RHB Norris Gibbons 0-0: Ball
1-0: Called Strike
1-1: Ball
2-1: Ball
3-1: Foul Ball, location: 7LSFF
3-2: SINGLE (Groundball, 4MD, EV 97.5 MPH)
Sawyer Garfinkel to second
Sawyer Garfinkel to third
Batting: RHB Bryce Congleton 0-0: Foul Ball, location: 23F
0-1: Fly out, F7 (Flyball, 7LS, EV 93.1 MPH)
Bottom of the 5th over - 0 runs, 1 hit, 0 errors, 2 left on base; Reno 2 - Nashville 8
TOP OF THE 6TH
Reno Aces batting - Pitching for Nashville Sounds : RHP Robbie Cadena
Batting: RHB Max Bastidas 0-0: Ground out 4-3 (Groundball, 4S, EV 66.3 MPH)
Batting: RHB Bill Wiener 0-0: Called Strike
0-1: Ball
1-1: Fly out, F9 (Flyball, 89M, EV 95.0 MPH)
Batting: RHB Neno Troxell 0-0: Foul Ball, location: 5DF
0-1: Foul Ball, location: 7LSF
0-2: Ground out 6-3 (Groundball, 6, EV 66.9 MPH)
Top of the 6th over - 0 runs, 0 hits, 0 errors, 0 left on base; Reno 2 - Nashville 8
BOTTOM OF THE 6TH
Nashville Sounds batting - Pitching for Reno Aces : RHP Josiah Greer
Batting: RHB Julián García 0-0: Swinging Strike
0-1: Ball
1-1: Ball
2-1: Swinging Strike
2-2: SINGLE (Line Drive, 7S, EV 107.5 MPH)
Pitching: LHP Alex Hayes
Batting: RHB Tyrone Molley 0-0: Fielders Choice at 2nd, 5-4 (Groundball, 56, EV 87.5 MPH)
Batting: RHB Todd Stasiak 0-0: Called Strike
0-1: Ball
1-1: Ball
2-1: Ball
3-1: Swinging Strike
3-2: Foul Ball, location: 2F
3-2: SINGLE (Groundball, 6MD, EV 105.6 MPH)
Tyrone Molley to second
Batting: RHB Tom Huppert 0-0: Foul Ball, location: 9LMF
0-1: Ball
1-1: Called Strike
1-2: Foul Ball, location: 9LMF
1-2: Fly out, F5 (Line Drive, 5L, EV 75.6 MPH)
Batting: RHB Oliver Combs 0-0: Ball
Wild Pitch!
Tyrone Molley to third
Todd Stasiak to second
1-0: Ground out 5-3 (Groundball, 5L, EV 83.1 MPH)
Bottom of the 6th over - 0 runs, 2 hits, 0 errors, 2 left on base; Reno 2 - Nashville 8
TOP OF THE 7TH
Reno Aces batting - Pitching for Nashville Sounds : RHP Robbie Cadena
Batting: RHB Jodie Numbers 0-0: Ball
1-0: Fly out, F9 (Flyball, 9D, EV 86.3 MPH)
Batting: LHB Dusty Sandoval 0-0: Ball
1-0: Ball
2-0: Reached via error on a dropped throw from 2B, E3 (Groundball, 34, EV 101.3 MPH)
Batting: RHB Woody Glass 0-0: Fielders Choice at 2nd, 5-4 (Groundball, 5, EV 80.0 MPH)
Batting: RHB Ben Gardner 0-0: Ball
1-0: Foul Ball, location: 25F
1-1: TRIPLE (Flyball, 89XD, EV 96.3 MPH)
Woody Glass scores
Batting: LHB Matt Acosta 0-0: Ball
1-0: Ball
2-0: Ball
3-0: Called Strike
3-1: Swinging Strike
3-2: SINGLE (Groundball, 4M, EV 106.9 MPH)
Ben Gardner scores
Batting: RHB Sydney Lynn 0-0: Called Strike
0-1: Swinging Strike
0-2: Ball
1-2: Strikes out looking
Top of the 7th over - 2 runs, 2 hits, 1 error, 1 left on base; Reno 4 - Nashville 8
BOTTOM OF THE 7TH
Nashville Sounds batting - Pitching for Reno Aces : LHP Alex Hayes
Batting: RHB Jacob Hitchens 0-0: Ball
1-0: Ball
2-0: Foul Ball, location: 2RF
2-1: Called Strike
2-2: Ball
3-2: SINGLE (Line Drive, 7LM, EV 99.4 MPH)
Batting: LHB Sawyer Garfinkel 0-0: Fly out, F5 (Popup, 5, EV 80.0 MPH)
Batting: RHB Norris Gibbons 0-0: Ball
1-0: Fly out, F8 (Flyball, 8RM, EV 83.8 MPH)
Batting: RHB Bryce Congleton 0-0: Foul Ball, location: 5DF
0-1: Called Strike
0-2: Ball
1-2: Foul Ball, location: 9LSF
1-2: Fly out, F9 (Flyball, 9LS, EV 70.0 MPH)
Bottom of the 7th over - 0 runs, 1 hit, 0 errors, 1 left on base; Reno 4 - Nashville 8
TOP OF THE 8TH
Reno Aces batting - Pitching for Nashville Sounds : RHP Robbie Cadena
Pitching: RHP Eli Pinela
Batting: RHB Max Bastidas 0-0: Ball
1-0: Swinging Strike
1-1: Ball
2-1: Called Strike
2-2: Foul Ball, location: 3FF
2-2: Ground out 6-3 (Groundball, 56, EV 83.8 MPH)
Pinch Hitting: LHB Lobo Peña 0-0: SINGLE (Line Drive, 89S, EV 100.0 MPH)
Batting: RHB Neno Troxell 0-0: Called Strike
0-1: Ball
1-1: Grounds into double play, 6-4-3 (Groundball, 6S, EV 86.9 MPH)
Top of the 8th over - 0 runs, 1 hit, 0 errors, 0 left on base; Reno 4 - Nashville 8
BOTTOM OF THE 8TH
Nashville Sounds batting - Pitching for Reno Aces : LHP Alex Hayes
Now in LF: Hayden Browman
Batting: RHB Julián García 0-0: Ground out U3 (Groundball, 34, EV 106.9 MPH)
Batting: RHB Tyrone Molley 0-0: Ball
1-0: Ball
2-0: Foul Ball, location: 23F
2-1: Foul Ball, location: 9LDF
2-2: Ball
3-2: Ground out 6-3 (Groundball, 6, EV 80.6 MPH)
Batting: RHB Todd Stasiak 0-0: Swinging Strike
0-1: Ball
1-1: Called Strike
1-2: Foul Ball, location: 2F
1-2: Strikes out swinging
Bottom of the 8th over - 0 runs, 0 hits, 0 errors, 0 left on base; Reno 4 - Nashville 8
TOP OF THE 9TH
Reno Aces batting - Pitching for Nashville Sounds : RHP Eli Pinela
Batting: RHB Jodie Numbers 0-0: Ball
1-0: Ball
2-0: Called Strike
2-1: Swinging Strike
2-2: Strikes out looking
Batting: LHB Dusty Sandoval 0-0: Ball
1-0: Called Strike
1-1: Foul Ball, location: 2F
1-2: Strikes out looking
Batting: RHB Woody Glass 0-0: Called Strike
0-1: Ball
1-1: Foul Ball, location: 23F
1-2: Foul Ball, location: 2F
1-2: Ground out 6-3 (Groundball, 6, EV 80.0 MPH)
Top of the 9th over - 0 runs, 0 hits, 0 errors, 0 left on base; Reno 4 - Nashville 8
Monday, April 22nd , 2024 - OOTP Baseball 24.11 Build 85